AoeStats
← Fuzzy

Lombardia

510211968Analyzed
3v3 RM · 1d ago on Sep 30, 2026· 51m 27s· 6 players
Game mode
Random Map
Map size
Normal (6 player)
Population
200
Speed
Normal
Resources
Standard
Victory
Conquest
Starting age
Dark Age
Ending age
Imperial Age
RankedLock teamsTeams togetherTeam positionsShared explorationLock speedFull tech treeHidden civsTurbo modeCheats
Victory
Defeat
🇨🇳 Slavs · China
1155
+13
🇧🇷 Varangians · Brazil
1063
+17
🇺🇸 Saxons · United States
1038
+18
🇺🇸 Danes · United States
1083
-16
🇺🇸 Saxons · United States
1083
-16
🇺🇸 Byzantines · United States
1077
-16
ofdudesandmen
11:55 Feudal Age
12:36 Double-Bit Axe
12:48 Loom
15:01 Stone Mining
15:02 Gold Mining
16:09 Horse Collar
17:17 Forging
21:35 Wheelbarrow
25:20 Castle Age
24:46 Scale Mail Armor
25:25 Pikeman
26:46 Iron Casting
26:29 Chain Mail Armor
26:39 Light Cavalry
27:20 Husbandry
28:47 Fletching
29:18 Bow Saw
30:31 Heavy Plow
31:29 Scale Barding Armor
32:06 Squires
36:10 Imperial Age
35:23 Hand Cart
36:12 Bodkin Arrow
36:17 Halberdier
38:37 Bracer
38:38 Padded Archer Armor
38:59 Chain Barding Armor
38:44 Bracer
38:21 Elite Skirmisher
40:55 Two-Man Saw
40:41 Plate Barding Armor
42:16 Plate Mail Armor
41:13 Elite Varangian Guard
43:16 Conscription
43:38 Padded Archer Armor
48:11 Hoardings
Kevinight
1:08 Loom
11:23 Feudal Age
11:42 Man-at-Arms
12:29 Arson
15:05 Double-Bit Axe
15:41 Fletching
20:16 Horse Collar
23:41 Castle Age
22:32 Scale Mail Armor
22:43 Forging
23:44 Town Watch
24:36 Wheelbarrow
24:53 Squires
25:15 Chain Mail Armor
25:36 Iron Casting
25:11 Squires
27:11 Bow Saw
28:07 Gambesons
28:25 Bodkin Arrow
28:31 Padded Archer Armor
32:31 Heavy Plow
37:45 Leather Archer Armor
37:52 Town Patrol
41:06 Imperial Age
38:52 Hand Cart
40:15 Crossbowman
41:01 Thumb Ring
41:19 Ballistics
41:27 Gold Mining
42:17 Plate Mail Armor
42:18 Ring Archer Armor
41:48 Bracer
41:11 Shield Wall
42:11 Conscription
41:17 Elite Varangian Guard
43:14 Two-Man Saw
42:33 Elite Skirmisher
47:02 Chemistry
46:44 Thumb Ring
Fuzzy
2:39 Loom
12:39 Feudal Age
13:19 Double-Bit Axe
19:19 Horse Collar
23:02 Castle Age
21:25 Stone Mining
22:45 Forging
22:36 Scale Mail Armor
23:53 Squires
27:13 Chain Mail Armor
27:57 Arson
29:42 Bow Saw
30:31 Town Watch
32:02 Iron Casting
36:10 Wheelbarrow
36:45 Hamask
40:28 Hand Cart
40:14 Gold Mining
43:06 Fletching
43:17 Padded Archer Armor
46:16 Imperial Age
43:51 Elite Skirmisher
47:26 Conscription
47:22 Heavy Plow
IvanWintergreen
10:50 Feudal Age
11:33 Double-Bit Axe
13:51 Town Watch
18:38 Castle Age
16:57 Stone Mining
18:44 Fletching
18:55 Padded Archer Armor
18:45 Horse Collar
24:07 Heavy Plow
24:29 Bow Saw
25:37 Gold Mining
27:14 Crossbowman
27:59 Pikeman
29:40 Gold Shaft Mining
30:07 Bodkin Arrow
30:28 Leather Archer Armor
33:13 Imperial Age
31:56 Thumb Ring
32:25 Squires
32:34 Scale Mail Armor
32:45 Forging
33:43 Ballistics
33:20 Halberdier
34:09 Arbalester
37:44 Chemistry
36:48 Bracer
37:49 Wheelbarrow
37:00 Loom
38:42 Conscription
38:43 Light Cavalry
40:06 Iron Casting
39:48 Bloodlines
41:31 Hussar
42:12 Husbandry
46:14 Scale Barding Armor
46:41 Ring Archer Armor
CaOk_Emerson
5:31 Loom
11:32 Feudal Age
12:27 Double-Bit Axe
16:50 Bloodlines
20:42 Castle Age
18:35 Horse Collar
20:24 Gold Mining
25:54 Scale Barding Armor
27:55 Bow Saw
30:25 Stone Mining
33:50 Wheelbarrow
36:45 Imperial Age
36:52 Imperial Age
34:09 Town Watch
39:59 Cavalier
40:05 Elite Jarl
42:09 Chemistry
41:30 Ballistics
41:53 Chain Barding Armor
41:44 Forging
41:24 Fletching
41:35 Padded Archer Armor
43:02 Husbandry
47:05 Bodkin Arrow
墨子
5:19 Loom
11:09 Feudal Age
18:17 Castle Age
16:38 Double-Bit Axe
18:15 Scale Barding Armor
19:00 Bloodlines
25:02 Town Watch
25:59 Wheelbarrow
25:37 Horse Collar
29:37 Hand Cart
34:34 Imperial Age
34:08 Ballistics
34:57 Chain Barding Armor
34:49 Forging
37:06 Elite Boyar
38:55 Conscription
39:14 Iron Casting
40:29 Man-at-Arms
41:09 Squires
41:18 Detinets
41:22 Gold Mining
41:45 Long Swordsman
42:35 Two-Handed Swordsman
44:57 Blast Furnace
44:32 Plate Barding Armor
43:58 Scale Mail Armor
44:33 Fletching
47:54 Druzhina
48:30 Town Patrol
47:55 Heavy Scorpion
49:42 Husbandry
Connection lost

Rejoining the realm…

Still unreachable

The connection could not be restored.

Session expired

The server has moved on; the page needs a fresh start.